 Dungeon Crawl Stone Soup version 0.29-a0-286-g41199d4a87 (webtiles) character file.

Game seed: 17056365861301715760

72 epen the Vexing (level 4, 0/34 HPs)
             Began as a Gnoll Arcane Marksman on Mar 16, 2022.
             Succumbed to an adder's poison
             ... on level 2 of the Dungeon.
             The game lasted 00:01:22 (1266 turns).

epen the Vexing (Gnoll Arcane Marksman)             Turns: 1266, Time: 00:01:22

Health: 0/34       AC:  2    Str:  9    XL:     4   Next: 26%
Magic:  8/8        EV: 14    Int: 12    God:
Gold:   65         SH:  0    Dex: 15    Spells: 8/9 levels left

rFire   . . .      SeeInvis .   a - +0 shortbow
rCold   . . .      Faith    .   (shield currently unavailable)
rNeg    . . .      Spirit   .   b - +0 robe
rPois   .          Reflect  .   (no helmet)
rElec   .          Harm     .   (no cloak)
rCorr   .          Rampage  .   (no gloves)
Will    .....                   (no boots)
Stlth   ++........              (no amulet)
HPRegen 0.11/turn               (no ring)
MPRegen 0.11/turn               (no ring)

@: lethally poisoned (0 -> -3), about to teleport, invisible
A: fangs 1, strong nose, distributed training
a: no special abilities


You were on level 2 of the Dungeon.
You visited 1 branch of the dungeon, and saw 2 of its levels.

You collected 65 gold pieces.

Inventory:

Hand Weapons
 a - a +0 shortbow (weapon)
Armour
 b - a +0 robe (worn)
Jewellery
 d - a +4 ring of evasion
 f - a ring of protection from fire
Wands
 i - a wand of flame (10)
Scrolls
 c - a scroll of vulnerability
 e - 2 scrolls of teleportation
 g - a scroll of acquirement {unknown}
 j - a scroll of enchant armour {unknown}
Potions
 h - 2 potions of invisibility


   Skills:
 + Level 2.7 Fighting
 + Level 1.1 Short Blades
 + Level 1.1 Long Blades
 + Level 1.1 Axes
 + Level 1.1 Maces & Flails
 + Level 1.1 Polearms
 + Level 1.1 Staves
 + Level 1.1 Slings
 + Level 4.6 Bows
 + Level 1.1 Crossbows
 + Level 1.1 Throwing
 + Level 1.1 Armour
 + Level 4.6 Dodging
 + Level 1.1 Stealth
 + Level 1.1 Shields
 + Level 1.1 Unarmed Combat
 + Level 3.0 Spellcasting
 + Level 0.8 Conjurations
 + Level 5.4 Hexes
 + Level 0.8 Summonings
 + Level 0.8 Necromancy
 + Level 0.8 Translocations
 + Level 0.8 Transmutations
 + Level 0.8 Fire Magic
 + Level 0.8 Ice Magic
 + Level 0.8 Air Magic
 + Level 0.8 Earth Magic
 + Level 0.8 Poison Magic
 + Level 1.2 Invocations
 + Level 1.1 Evocations


You had 8 spell levels left.
You knew the following spells:

 Your Spells              Type           Power      Damage    Failure   Level
a - Slow                  Hex            56%        N/A       2%          1

Your spell library contained the following spells:

 Spells                   Type           Power      Damage    Failure   Level
 Inner Flame              Hex/Fire       9%         N/A       21%         3
 Portal Projectile        Hex/Tloc       18%        N/A       21%         3
 Corpse Rot               Necr/Air       6%         N/A       26%         2
 Poisonous Vapours        Pois/Air       6%         N/A       26%         2
 Cause Fear               Hex            7%         N/A       26%         4


Dungeon Overview and Level Annotations

Branches:
Dungeon (2/15)

Altars:

Shops:
D:1 ?


Innate Abilities, Weirdness & Mutations

You have very sharp teeth.
Your uncanny sense of smell can sniff out nearby items.
Your experience applies equally to all skills.


Message History

You are lethally poisoned!
The adder poisons you!
You are too injured to fight recklessly!
You are too injured to fight recklessly!
You are too injured to fight recklessly!
You are too injured to fight recklessly!
You are too injured to fight recklessly!
You are too injured to fight recklessly!
You are too injured to fight recklessly!
You are too injured to fight recklessly!
You are too injured to fight recklessly!
You are too injured to fight recklessly!
You are too injured to fight recklessly!
You are too injured to fight recklessly!
You are too injured to fight recklessly!
Shoot: a) +0 shortbow
Press: ? - help, Shift-Dir - straight line, f/p - adder
Aim: an adder (almost dead, 44% to hit)
You shoot an arrow. The arrow hits the adder!
You kill the adder!
* * * LOW HITPOINT WARNING * * *
You feel very sick.
Your Spellcasting skill increases to level 3!
It was a potion of invisibility.
You fade into invisibility!
* * * LOW HITPOINT WARNING * * *
You feel sick.
* * * LOW HITPOINT WARNING * * *
You feel very sick.
* * * LOW HITPOINT WARNING * * *
You feel sick.
* * * LOW HITPOINT WARNING * * *
You feel sick.
* * * LOW HITPOINT WARNING * * *
You feel sick.
* * * LOW HITPOINT WARNING * * *
You feel sick.
As you read the scroll labelled CIYFUE LEMY, it crumbles to dust.
You feel strangely unstable.
It was a scroll of teleportation.
You die...

##.##...##### .#.#
...##...# ##.#.#
#####..[# .....#
........# .....#
.#####.## .....#
.#####.#
######...#
.....#.#
#........#
####.#.#
#.###.####
#.#.#####.# #@#
#.#.......# #.#
#.######### #..
###'#####.#
############
#.........#
###..........#
#.....###.#
#..........#.#
#.....#
#.###......###.#.#
#.....#
#...'....†.......#
#.....#
#####..........###


There were no monsters in sight!

Vanquished Creatures
  4 adders (D:2)
  A dart slug (D:1)
  4 endoplasms
  3 giant cockroaches (D:2)
  2 goblins (D:2)
  5 hobgoblins
  2 kobolds
  2 quokkas (D:1)
  4 ball pythons
  2 bats
  2 frilled lizards
  5 rats
36 creatures vanquished.

Notes
Turn   | Place    | Note
-------+----------+-------------------------------------------
     0 | D:1      | epen the Gnoll Arcane Marksman began the quest for the Orb.
     0 | D:1      | Reached XP level 1. HP: 17/17 MP: 4/4
   164 | D:1      | Reached XP level 2. HP: 23/23 MP: 5/5
   257 | D:1      | Found Jucsous's Magic Scroll Emporium.
   305 | D:1      | Found a faded altar of an unknown god.
   511 | D:2      | Reached XP level 3. HP: 19/28 MP: 7/7
   668 | D:2      | Reached skill level 1 in Invocations
   738 | D:2      | Reached skill level 1 in Short Blades
   738 | D:2      | Reached skill level 1 in Long Blades
   738 | D:2      | Reached skill level 1 in Axes
   738 | D:2      | Reached skill level 1 in Maces & Flails
   738 | D:2      | Reached skill level 1 in Polearms
   738 | D:2      | Reached skill level 1 in Staves
   738 | D:2      | Reached skill level 1 in Slings
   738 | D:2      | Reached skill level 1 in Crossbows
   738 | D:2      | Reached skill level 1 in Throwing
   738 | D:2      | Reached skill level 1 in Armour
   738 | D:2      | Reached skill level 1 in Stealth
   738 | D:2      | Reached skill level 1 in Shields
   738 | D:2      | Reached skill level 1 in Unarmed Combat
   738 | D:2      | Reached skill level 1 in Evocations
   806 | D:2      | Reached XP level 4. HP: 34/34 MP: 8/8
  1265 | D:2      | HP: 1/34 [poisoned by an adder]
  1266 | D:2      | Succumbed to an adder's poison

Illustrated notes

Levels and vault maps discovered:
D:1:      dpeg_arrival_tiny_f, layout_rooms, basic_ecumenical_altar,
          serial_shops, nicolae_square_shop
D:2:      layout_basic

Skill      XL: |  1  2  3  4 |
---------------+-------------+-----
Invocations    | 1 |  1.2
Short Blades   | 1 |  1.1
Long Blades    | 1 |  1.1
Axes           | 1 |  1.1
Maces & Flails | 1 |  1.1
Polearms       | 1 |  1.1
Staves         | 1 |  1.1
Slings         | 1 |  1.1
Crossbows      | 1 |  1.1
Throwing       | 1 |  1.1
Armour         | 1 |  1.1
Stealth        | 1 |  1.1
Shields        | 1 |  1.1
Unarmed Combat | 1 |  1.1
Evocations     | 1 |  1.1
Spellcasting   | 3 |  3.0
Fighting       | |  2.7
Bows           | |  4.6
Dodging        | |  4.6
Conjurations   | |  0.8
Hexes          | |  5.4
Summonings     | |  0.8
Necromancy     | |  0.8
Translocations | |  0.8
Transmutations | |  0.8
Fire Magic     | |  0.8
Ice Magic      | |  0.8
Air Magic      | |  0.8
Earth Magic    | |  0.8
Poison Magic   | |  0.8

Action                   |  1- 3 |  4- 6 || total
-------------------------+-------+-------++-------
 Fire: Shortbow          |    69 |    27 ||    96
  Use: Scroll            |       |     1 ||     1
       Potion            |       |     1 ||     1
Armor: Robe              |     3 |     1 ||     4
Dodge: Dodged            |    12 |    10 ||    22

Table legend: (Time is in decaauts)
 A = Elapsed time spent in this place.
 B = Non-inter-level travel time spent in this place.
 C = Inter-level travel time spent in this place.
 D = Time resting spent in this place.
 E = Time spent auto-exploring this place.
 F = Levels seen in this place.
 G = Mean time per level.
                   A        B        C        D        E       F      G
               +--------+--------+--------+--------+--------+-----+--------+
         Total |   1292 |   1259 |     33 |    116 |    951 |   2 |  646.0 |
       Dungeon |   1292 |   1259 |     33 |    116 |    951 |   2 |  646.0 |
               +--------+--------+--------+--------+--------+-----+--------+

Top non-repeatable levels by time:
     D:2: 813 daAuts
     D:1: 478 daAuts
